 Dungeon Crawl Stone Soup version 0.28-a0-46-g7b1be97da7 (webtiles) character file.

Game seed: 267205078933744102

69 dmks the Ducker (level 4, -1/31 HPs)
             Began as a Djinni Fire Elementalist on July 30, 2021.
             Slain by a killer bee (7 damage)
             ... on level 4 of the Dungeon.
             The game lasted 00:04:47 (3751 turns).

dmks the Ducker (Djinni Fire Elementalist)          Turns: 3751, Time: 00:04:48

Health: -1/31      AC:  2    Str: 13    XL:     4   Next: 42%
Gold:   58         EV: 13    Int: 17    God:
                   SH:  0    Dex: 14

rFire   + + .      SeeInvis .   (no weapon)
rCold   x . .      Faith    .   (no shield)
rNeg    . . .      Spirit   .   a - +0 robe
rPois   ∞          Reflect  .   (no helmet)
rElec   .          Harm     .   (no cloak)
rCorr   .          Rampage  .   (no gloves)
Will    .....                   (boots unavailable)
Stlth   ++........              (no amulet)
HPRegen 0.10/turn               c - +6 ring of strength
MPRegen 0.00/turn               (no ring)

@: flying
A: sickness immunity, fire resistance 2, cold vulnerability 1, float, innate
caster, hp casting, extra vitality 1
a: no special abilities


You were on level 4 of the Dungeon.
You visited 1 branch of the dungeon, and saw 4 of its levels.

You collected 58 gold pieces.

Inventory:

Armour
 a - a +0 robe (worn)
Jewellery
 c - a +6 ring of strength (left hand)
   (You found it on level 1 of the Dungeon)
Scrolls
 b - 2 scrolls of identify {unknown}
 d - a scroll of fear {unknown}
 e - a scroll of brand weapon {unknown}
 g - a scroll of magic mapping {unknown}
 h - a scroll of silence {unknown}
 i - a scroll of immolation {unknown}
 k - a scroll of amnesia {unknown}
Potions
 f - a potion of berserk rage {unknown}
 j - a potion of heal wounds {unknown}


   Skills:
 + Level 3.2 Dodging
 + Level 2.5 Stealth
 + Level 3.0 Spellcasting


You couldn't memorise any spells.
You knew the following spells:

 Your Spells              Type           Power      Damage    Failure   Level
a - Foxfire               Conj/Fire      48%        2x1d6     4%          1
b - Inner Flame           Hex/Fire       12%        N/A       16%         3
c - Pain                  Necr           48%        1d6       4%          1
d - Conjure Flame         Conj/Fire      12%        6-21      16%         3
q - Sticky Flame          Conj/Fire      12%        2d4       45%         4
x - Fireball              Conj/Fire      6%         3d5       80%         5
Your spell library was empty.

Dungeon Overview and Level Annotations

Branches:
Dungeon (4/15)
 Temple: D:4-7

Altars:

Annotations:
D:3 Jessica
D:4 1 transporter


Innate Abilities, Weirdness & Mutations

You are immune to sickness and miasma.
You are immune to poison.
Your flesh is very heat resistant. (rF++)
You are vulnerable to cold. (rC-)
You float through the air rather than walking.
You learn spells naturally, not from books.
Your magical power is your life essence.
You have superior vitality. (+4 HP)


Message History

The foxfire hits the kobold but does no damage.
You conjure some foxfire!
The kobold hits you but does no damage. The kobold barely misses you.
The foxfire hits the kobold.
The foxfire hits the kobold but does no damage.
You conjure some foxfire!
The kobold closely misses you.
The foxfire hits the kobold.
You kill the kobold!
Found a fuming grey potion.
Found a scale mail.
j - a fuming grey potion The gnoll shouts!
You hear a shout!
Found 10 gold pieces.
Found a bronze ring.
Found a scroll labelled LOKHLEROOSO.
An endoplasm comes into view.
The endoplasm quivers.
You conjure some foxfire!
The foxfire hits the endoplasm. x2
You kill the endoplasm!
k - a scroll labelled LOKHLEROOSO
There are no items here. 2 killer bees come into view.
A killer bee comes into view. 2 killer bees come into view.
The killer bee buzzes angrily. x3
A killer bee comes into view.
A kobold comes into view. It is wielding a +0 short sword.
The killer bee buzzes angrily.
You conjure some foxfire!
The kobold shouts!
The killer bee buzzes angrily. x2
The foxfire hits the killer bee. x2; The killer bee stings you.
The killer bee barely misses you. The killer bee closely misses you.
The killer bee stings you. The killer bee barely misses you.
The killer bee barely misses you. The killer bee closely misses you.
The killer bee stings you but does no damage.
You conjure some foxfire!
The killer bee stings you. x2
* * * LOW HITPOINT WARNING * * *
The killer bee stings you.
* * * LOW HITPOINT WARNING * * *
The killer bee misses you.
The foxfire hits the killer bee. x2
A ball python comes into view.
The ball python hisses angrily.
The killer bee closely misses you. x2
The killer bee stings you!
* * * LOW HITPOINT WARNING * * *
The killer bee stings you!
You die...

......# 8.≈≈.
#.....## .##.≈≈.#
#...... .#.≈≈.#
#..... #P.P#.##.≈≈.#
#.... ##g##.#8.≈≈.#
#.#.#
......###≈≈.###y#.#
#g###...#≈≈.##yy@.#
###.#.#.#≈≈.y..y#.#
....#####≈≈.##....#
≈≈≈≈≈≈≈≈≈≈≈.###.#....
≈≈≈≈≈≈≈≈≈≈≈.# ..#####
............# #.#
#.######..### #.# #.#
#K## #.# #.# ...


You could see 5 killer bees.

Vanquished Creatures
  A worm (D:2)
  A dart slug (D:1)
  3 endoplasms
  3 giant cockroaches (D:2)
  2 goblins
  A hobgoblin (D:1)
  16 jackals
  8 quokkas
  4 ball pythons (D:1)
  4 bats (D:1)
  4 frilled lizards
  4 kobolds
  5 rats
56 creatures vanquished.

Vanquished Creatures (others)
  200 foxfires
  6 plants (D:4)
206 creatures vanquished.

Grand Total: 262 creatures vanquished

Notes
Turn   | Place    | Note
-------+----------+-------------------------------------------
     0 | D:1      | dmks the Djinni Fire Elementalist began the quest for the
                  | Orb.
     0 | D:1      | Reached XP level 1. HP: 15/15 MP: 0/0
   405 | D:1      | Reached XP level 2. HP: 19/21 MP: 0/0
  1169 | D:1      | Reached XP level 3. HP: 23/25 MP: 0/0
  1169 | D:1      | Learned a level 1 spell: Pain
  2692 | D:2      | Reached XP level 4. HP: 27/31 MP: 0/0
  2910 | D:2      | Found a faded altar of an unknown god.
  3341 | D:3      | Noticed Jessica
  3711 | D:4      | Found a transporter.
  3751 | D:4      | Slain by a killer bee

Illustrated notes

Levels and vault maps discovered:
D:1:      evilmike_arrival_hilbert_curve, layout_basic, hex_large
D:2:      layout_rooms, hellmonk_ecumenical_altar_arch_garden,
          minmay_misc_feat_columns, serial_bayou_pond_d
D:3:      layout_loops_cross, hex_tiny, chequers_serial_rivers_large_b,
          uniq_crazy_yiuf_cottage, uniq_jessica, uniq_sigmund
D:4:      layout_loops_ring, gammafunk_ghost_gnarly_gnolls, chequers_big_river

Skill      XL: |  1  2  3  4 |
---------------+-------------+-----
Stealth        | 2 |  2.5
Dodging        | 3 |  3.2
Spellcasting   | 3 |  3.0

Action                   |  1- 3 |  4- 6 || total
-------------------------+-------+-------++-------
 Cast: Foxfire           |    98 |    36 ||   134
Armor: Robe              |     7 |     4 ||    11
Dodge: Dodged            |    30 |    20 ||    50

Table legend: (Time is in decaauts)
 A = Elapsed time spent in this place.
 B = Non-inter-level travel time spent in this place.
 C = Inter-level travel time spent in this place.
 D = Time resting spent in this place.
 E = Time spent auto-exploring this place.
 F = Levels seen in this place.
 G = Mean time per level.
                   A        B        C        D        E       F      G
               +--------+--------+--------+--------+--------+-----+--------+
         Total |   3751 |   3628 |    123 |    634 |   2570 |   4 |  937.8 |
       Dungeon |   3751 |   3628 |    123 |    634 |   2570 |   4 |  937.8 |
               +--------+--------+--------+--------+--------+-----+--------+

Top non-repeatable levels by time:
     D:1: 2135 daAuts
     D:2: 1262 daAuts
     D:3: 226 daAuts
     D:4: 127 daAuts
